 Dungeon Crawl Stone Soup version 0.31.0-9-g3a7656b989 (webtiles) character file.

Game seed: 3182784405664386476

5518 Gottschkopf the Cruncher (level 10, 0/90 HPs)
             Began as a Minotaur Fighter on Jan 28, 2024.
             Was an Elder of Lugonu.
             Succumbed to orange demon's concentrated venom
             ... on level 9 of the Dungeon.
             The game lasted 00:20:22 (6689 turns).

Gottschkopf the Cruncher (Minotaur Fighter)         Turns: 6689, Time: 00:20:23

Health: 0/90       AC: 20    Str: 26    XL:     10   Next: 43%
Magic:  9/9        EV: 12    Int:  5    God:    Lugonu [****..]
Gold:   499        SH:  5    Dex:  9    Spells: 9/9 levels left

rFire   . . .        E - +2 mace (holy)
rCold   . . .        c - +0 buckler
rNeg    . . .        a - +0 plate armour
rPois   .            (helmet unavailable)
rElec   .            j - +2 cloak
rCorr   .            B - +0 pair of gloves
SInv    .            y - +0 pair of boots
Will    +....        (no amulet) Stlth
                     h - +5 ring of evasion
HPRegen 0.00/turn    (no ring)
MPRegen 0.11/turn

%: no passive effects
@: lethally poisoned (0 -> -11), enlightened, flying, inhibited regen, slowed,
invisible, very slow
A: horns 3, retaliatory headbutt, inhibited regeneration
a: Renounce Religion, Depart the Abyss, Banish, Corrupt


You were on level 9 of the Dungeon.
You worshipped Lugonu.
Lugonu was greatly pleased with you.
You visited 1 branch of the dungeon, and saw 9 of its levels.

You collected 499 gold pieces.

Inventory:

Hand Weapons
 i - a +1 dire flail of protection
 p - a +5 hand axe of flaming
 q - the +4 hand axe "Spiderbane" {venom, rPois Int+4}
   (You found it on level 5 of the Dungeon)

   Int+4:     It affects your intelligence (+4).
   rPois:     It protects you from poison
 x - the +9 quarterstaff of Usiu {protect, *Rage rC+ rN++ Dex+4}
   (You found it on level 7 of the Dungeon)

   Dex+4:     It affects your dexterity (+4).
   rC+:       It protects you from cold.
   rN++:      It greatly protects you from negative energy.
   *Rage:     It berserks you when you make melee attacks (+20% chance).
 C - a +4 battleaxe of freezing
 E - a +2 mace of holy wrath (weapon)
 I - a +5 vampiric battleaxe
Missiles
 o - a throwing net (quivered)
Armour
 a - a +0 plate armour (worn)
 c - a +0 buckler (worn)
 j - a +2 cloak (worn)
 k - a +0 helmet
 y - a +0 pair of boots (worn)
 B - a +0 pair of gloves (worn)
Jewellery
 h - a +5 ring of evasion (left hand)
 v - a ring of magical power
Wands
 b - a wand of iceblast (15)
 n - a wand of paralysis (6)
 u - a wand of flame (20)
Scrolls
 d - 2 scrolls of amnesia {unknown}
 e - 5 scrolls of revelation
 f - 2 scrolls of vulnerability
 g - 4 scrolls of teleportation
 m - a scroll of noise
 z - a scroll of fog {unknown}
 A - a scroll of butterflies {unknown}
 F - a scroll of enchant armour {unknown}
 G - a scroll of torment {unknown}
 H - a scroll of immolation {unknown}
Potions
 l - a potion of cancellation
 w - a potion of resistance


   Skills:
 - Level 8.7 Fighting
 - Level 8.5(8.7) Axes
 - Level 2.4(8.6) Maces & Flails
 + Level 9.7(9.9) Staves
 - Level 8.5 Armour
 - Level 8.6 Shields


You had 9 spell levels left.
You didn't know any spells.
Your spell library contained the following spells:

 Spells                   Type           Power      Damage    Failure   Level
 Sublimation of Blood     Necr           0%         N/A       100%        2
 Petrify                  Alch/Erth      0%         N/A       100%        4
 Summon Blazeheart Golem  Fire/Summ      0%         N/A       100%        4
 Irradiate                Conj/Alch      0%         3d11      100%        5
 Orb of Destruction       Conj           0%         9d5       100%        7
 Spellforged Servitor     Conj/Summ      0%         N/A       100%        7


Dungeon Overview and Level Annotations

Branches:
Dungeon (9/15)             Temple (0/1) D:4
   Lair: D:8-11         Orc: D:9-12

Altars:
Fedhas
Xom
Lugonu


Innate Abilities, Weirdness & Mutations

You have a pair of large horns on your head.
You reflexively headbutt those who attack you in melee.
You do not regenerate when monsters are visible.


Message History

You hit Amaemon.
Amaemon convulses.
Amaemon is almost dead.
You feel very sick. You block Amaemon's attack. Amaemon claws you.
Amaemon misses you.
You sock Amaemon!
Amaemon convulses!!
You kill Amaemon!
Lugonu accepts your kill.
You feel sick.
Your Staves skill increases to level 9!
You feel sick. The orange demon barely misses you. x2
You sock the orange demon!
The orange demon convulses.
The orange demon is severely wounded.
You feel sick. The orange demon stings you.
You are lethally poisoned!
You have difficulty breathing.
* * * LOW HITPOINT WARNING * * *
You feel yourself slow down. The orange demon barely misses you.
You hit the orange demon but do no damage.
The orange demon is severely wounded.
* * * LOW HITPOINT WARNING * * *
You feel extremely sick.
The orange demon stings you but does no damage.
The orange demon barely misses you.
You hit the orange demon.
The orange demon convulses.
The orange demon is severely wounded.
* * * LOW HITPOINT WARNING * * *
You feel very sick. You block the orange demon's attack.
The orange demon barely misses you.
The orange demon stings you but does no damage.
The orange demon misses you.
You hit the orange demon.
The orange demon convulses.
The orange demon is almost dead.
* * * LOW HITPOINT WARNING * * *
You feel very sick. You block the orange demon's attack.
The orange demon hits you but does no damage.
It was a potion of enlightenment.
You feel very buoyant.
You fly up into the air.
You die...

..............<...#
#.........##.....##
.........##...### .
#.?..........#
..#........#.....#
#.........#....##
##..........####
#....).!....#
##....@#..###
.......4#.!.#
..........###
.........##
##........
#.........
#.#..##... ..#.#
....


You could see an orange demon (curare, unable to see you).

Vanquished Creatures
  Amaemon (D:9)
  Pikel (D:7)
  A troll (D:7)
  A wraith (D:5)
  Sigmund (D:3)
  A wyvern (D:8)
  Grum (D:8)
  Menkaure (D:5)
  Edmund (D:5)
  An acid dragon (D:8)
  3 sky beasts
  3 orc warriors
  3 centaurs
  3 wolves (D:8)
  A phantom (D:6)
  2 kobold brigands
  13 wights
  4 scorpions
  2 howler monkeys (D:6)
  4 jellies
  8 orc priests
  A bombardier beetle (D:3)
  5 hounds
  2 gnoll boudas
  3 iguanas
  10 orc wizards
  8 gnolls
  4 adders
  A shadow imp (D:8)
  A white imp (D:7)
  2 ufetubi (D:7)
  3 ribbon worms
  A dart slug (D:3)
  34 orcs
  2 bats (D:2)
  9 endoplasms
  4 giant cockroaches
  12 goblins
  10 hobgoblins
  7 quokkas
  8 ball pythons
  3 frilled lizards
  13 kobolds
  6 rats
205 creatures vanquished.

Vanquished Creatures (others)
  A bullfrog (D:7)
  A wight (D:7)
2 creatures vanquished.

Grand Total: 207 creatures vanquished

Notes
Turn   | Place    | Note
-------+----------+-------------------------------------------
     0 | D:1      | Gottschkopf the Minotaur Fighter began the quest for the
                  | Orb.
     0 | D:1      | Reached XP level 1. HP: 19/19 MP: 0/0
   260 | D:1      | Reached XP level 2. HP: 24/27 MP: 1/1
   798 | D:2      | Reached XP level 3. HP: 33/33 MP: 2/2
  1483 | D:3      | Reached XP level 4. HP: 39/41 MP: 3/3
  1636 | D:3      | Noticed Sigmund
  1645 | D:3      | Killed Sigmund
  1646 | D:3      | Reached skill level 5 in Fighting
  1646 | D:3      | Reached skill level 5 in Armour
  1646 | D:3      | Reached skill level 5 in Shields
  1646 | D:3      | Reached XP level 5. HP: 44/49 MP: 4/4
  1646 | D:3      | Reached XP level 6. HP: 50/56 MP: 5/5
  1714 | D:3      | Found a faded altar of an unknown god.
  1721 | D:3      | Prayed at the altar of an unknown god.
  1721 | D:3      | Became a worshipper of Lugonu the Unformed
  1721 | D:3      | Reached * piety under Lugonu
  2706 | D:4      | Found a staircase to the Ecumenical Temple.
  2811 | D:4      | Reached XP level 7. HP: 19/64 MP: 6/6
  2815 | D:4      | Reached skill level 1 in Axes
  2820 | D:4      | Reached ** piety under Lugonu
  2824 | D:4      | Gained mutation: You do not regenerate when monsters are
                  | visible. [potion of mutation]
  2824 | D:4      | Gained mutation: You have a pair of large horns on your
                  | head. [potion of mutation]
  3193 | D:5      | Entered Level 5 of the Dungeon
  3311 | D:5      | Identified the +4 hand axe "Spiderbane" {venom, rPois
                  | Int+4}
  3325 | D:5      | Noticed Menkaure
  3331 | D:5      | Killed Menkaure
  3388 | D:5      | Noticed a wraith
  3408 | D:5      | Killed a wraith
  3409 | D:5      | Reached XP level 8. HP: 73/73 MP: 7/7
  3692 | D:5      | Noticed Edmund
  3702 | D:5      | Killed Edmund
  4071 | D:6      | Reached skill level 5 in Axes
  4752 | D:7      | Reached *** piety under Lugonu
  4758 | D:7      | Reached XP level 9. HP: 45/81 MP: 8/8
  4872 | D:7      | Found a blossoming altar of Fedhas.
  5004 | D:7      | Noticed a troll
  5023 | D:7      | Killed a troll
  5336 | D:7      | Identified the +9 quarterstaff of Usiu {protect, *Rage rC+
                  | rN++ Dex+4}
  5441 | D:7      | Reached skill level 1 in Staves
  5447 | D:7      | Reached skill level 2 in Staves
  5496 | D:7      | Noticed Pikel
  5498 | D:7      | Found a shimmering altar of Xom.
  5503 | D:7      | Killed Pikel
  5504 | D:7      | Reached skill level 5 in Staves
  5714 | D:8      | Reached skill level 6 in Staves
  5716 | D:8      | Reached **** piety under Lugonu
  5719 | D:8      | Reached XP level 10. HP: 90/90 MP: 9/9
  5903 | D:8      | Reached skill level 7 in Staves
  6233 | D:8      | Noticed Grum
  6245 | D:8      | Killed Grum
  6246 | D:8      | Reached skill level 8 in Staves
  6665 | D:9      | Noticed an orange demon
  6667 | D:9      | Noticed Amaemon
  6683 | D:9      | Killed Amaemon
  6684 | D:9      | Reached skill level 9 in Staves
  6688 | D:9      | HP: 3/90 [poisoned by orange demon (concentrated venom)]
  6689 | D:9      | Succumbed to orange demon's concentrated venom

Illustrated notes

Levels and vault maps discovered:
D:1:      shiori_arrival_oz, layout_loops_ring, minmay_statues_item
D:2:      layout_basic
D:3:      layout_basic, chequers_ecumenical_altar_simple,
          minmay_strange_pillars, minmay_misc_feat_tower,
          guppyfry_early_orc_mine, uniq_sigmund
D:4:      layout_loops_ring, minmay_temple_entry_proselytizer
D:5:      layout_layer_cave, dk_noncrumbling_4, uniq_menkaure, uniq_edmund
D:6:      layout_basic, hangedman_decor_riveting
D:7:      layout_basic, xom_teletrap_fun, fedhas_altar_1, grunt_potential,
          uniq_pikel
D:8:      layout_basic, st_stairs_7, uniq_grum
D:9:      layout_cave_pools, jmf_multi_god_temple2,
          mainiacjoe_overflow_cross_hatched, uniq_amaemon, uniq_psyche

Skill      XL: |  1  2  3  4  5  6  7  8  9 10 |
---------------+-------------------------------+-----
Fighting       | 4 5 6 7 8 |  8.7
Armour         | 4 5 6 7 8 |  8.5
Shields        | 4 5 6 7 8 |  8.6
Axes           | 4 6 8 |  8.5
Staves         | 6 9 |  9.7
Maces & Flails | |  2.4

Action                     |  1- 3 |  4- 6 |  7- 9 | 10-12 || total
---------------------------+-------+-------+-------+-------++-------
  Melee: Flail             |    79 |    96 |       |       ||   175
         Headbutt          |    10 |    18 |    33 |     7 ||    68
         Hand axe          |       |    14 |   203 |       ||   217
         Quarterstaff      |       |       |    34 |    46 ||    80
         Mace              |       |       |       |    12 ||    12
    Use: Scroll            |       |       |     9 |     6 ||    15
         Potion            |       |       |     7 |     2 ||     9
   Stab: Invisible         |       |       |       |     2 ||     2
 Armour: Scale mail        |    37 |    15 |       |       ||    52
         Chain mail        |       |    58 |   115 |       ||   173
         Skin              |       |       |    34 |       ||    34
         Troll leather arm |       |       |    29 |    10 ||    39
         Plate armour      |       |       |       |    37 ||    37
  Dodge: Dodged            |    41 |    72 |   136 |    56 ||   305
  Block: Buckler           |    12 |    22 |    50 |     7 ||    91
